 Dungeon Crawl Stone Soup version 0.27.1-34-g3ba077fa99 (webtiles) character file.

Game seed: 5256069831423662549

390615 YungCoward the Slayer (level 22, -11/215 HPs)
             Began as a Minotaur Berserker on Jan 27, 2022.
             Was the Champion of Trog.
             Killed from afar by an ice dragon (21 damage)
             ... with a blast of cold
             ... on level 2 of the Depths on Jan 28, 2022.
             The game lasted 03:39:10 (48953 turns).

YungCoward the Slayer (Minotaur Berserker)         Turns: 48953, Time: 03:39:10

Health: -11/215    AC: 46    Str: 36    XL:     22   Next: 8%
Magic:  29/31      EV: 17    Int:  9    God:    Trog [******]
Gold:   1577       SH:  0    Dex: 18    Spells: 21/21 levels left

rFire    . . .     SeeInvis +   y - +1 demon trident (venom)
rCold    + . .     Faith    .   (no shield)
rNeg     . . .     Spirit   .   V - +14 plate armour of the Red Skies {+Blink rC+}
rPois    .         Reflect  .   A - +3 hat of Pondering {ponderous, Will+ MP+10 Int+5}
rElec    .         Harm     .   U - +2 cloak of the Postmodern Mouths {SInv}
rCorr    .         Rampage  .   X - +1 pair of gloves of Starshine {Will- Dex+6}
Will     +....                  C - +2 pair of boots
Stlth    ..........             D - amulet of regeneration
HPRegen  1.45/turn              l - +6 ring of strength
MPRegen  0.22/turn              I - +4 ring of slaying

@: lethally poisoned (-11 -> -12), hasted and slowed, slow
A: horns 2, retaliatory headbutt
}: 2/15 runes: decaying, gossamer
a: Renounce Religion, Evoke Blink, Berserk, Trog's Hand, Brothers in Arms


You were on level 2 of the Depths.
You worshipped Trog.
Trog was exalted by your worship.
You visited 7 branches of the dungeon, and saw 37 of its levels.
You visited the Abyss 1 time.
You visited 1 bazaar.

You collected 4859 gold pieces.
You spent 3282 gold pieces at shops.

Inventory:

Hand Weapons
 d - a +3 demon whip of flaming
 h - a +4 flail of electrocution
 n - the +14 dire flail "Demonic Newtslayer" {vorpal, rC+}
   (Trog gifted it to you on level 2 of the Swamp)

   It inflicts extra damage upon your enemies.
   rC:        It protects you from cold.
 q - a +3 trident of venom
 v - a +2 triple sword of electrocution
 y - a +1 demon trident of venom (weapon)
 H - a +4 antimagic great mace
 N - a +4 demon blade of flaming
Missiles
 s - 110 poisoned darts
 Q - 31 javelins
Armour
 A - the +3 hat of Pondering (worn) {ponderous, Will+ MP+10 Int+5}
   (You took it off Gastronok on level 1 of the Lair of Beasts)

   Int:       It affects your intelligence (+5).
   MP:        It affects your magic capacity (+10).
   Will:      It increases your willpower.
 C - a +2 pair of boots (worn)
 U - the +2 cloak of the Postmodern Mouths (worn) {SInv}
   (You found it on level 15 of the Dungeon)

   SInv:      It lets you see invisible.
 V - the +14 plate armour of the Red Skies (worn) {+Blink rC+}
   (You bought it in a shop on level 1 of the Orcish Mines)

   rC:        It protects you from cold.
   +Blink:    It lets you blink.
 X - the +1 pair of gloves of Starshine (worn) {Will- Dex+6}
   (You bought it in a shop in a bazaar)

   Dex:       It affects your dexterity (+6).
   Will:      It decreases your willpower.
Jewellery
 a - a ring of protection from cold
 b - a +6 ring of strength
 i - a ring of resist corrosion
 l - a +6 ring of strength (left hand)
 t - a +6 ring of strength
 B - a ring of see invisible
 D - an amulet of regeneration (around neck)
 F - a +4 ring of evasion
 I - a +4 ring of slaying (right hand)
 K - a ring of protection from cold
Wands
 p - a wand of paralysis (21)
 x - a wand of polymorph (21)
 E - a wand of flame (4) (quivered)
 G - a wand of digging (5)
 J - a wand of acid (49)
 M - a wand of iceblast (74)
 T - a wand of mindburst (13)
Scrolls
 c - 4 scrolls of magic mapping
 g - 16 scrolls of identify
 j - 18 scrolls of teleportation
 r - 3 scrolls of holy word
 u - 4 scrolls of silence
 w - 5 scrolls of enchant armour
 L - 3 scrolls of fog
 S - 2 scrolls of fear
Potions
 e - 14 potions of curing
 f - a potion of might
 k - 4 potions of ambrosia
 m - a potion of berserk rage
 o - 11 potions of haste
 z - 2 potions of flight
 P - 4 potions of resistance
 Y - a potion of magic
Miscellaneous
 O - a condenser vane
 R - a phial of floods
 W - a lightning rod (4/4)


   Skills:
 + Level 22.2 Fighting
 * Level 15.3 Long Blades
 - Level 14.3 Maces & Flails
 - Level 15.5 Polearms
 - Level 14.6 Throwing
 + Level 20.1 Armour
 - Level 13.6 Dodging
 - Level 1.2 Stealth
 - Level 6.0 Evocations


You had 21 spell levels left.
You didn't know any spells.
Your spell library was empty.

Dungeon Overview and Level Annotations

Branches:
Dungeon (15/15)            Temple (0/1) D:5            Lair (6/6) D:9
  Swamp (4/4) Lair:3       Spider (4/4) Lair:3        Slime (0/5) Lair:6
    Orc (2/2) D:11            Elf (0/3) Orc:2        Vaults (4/5) D:13
  Crypt (0/3) Vaults:2     Depths (2/5) D:15

Altars:
Cheibriados
Kikubaaqudgha
Vehumet
Yredelemnul
Jiyva

Shops:
D:4 (   D:9 [**   D:10 !   D:12 ?   Orc:1 [(=[   Orc:2 *=*[

Portals:
Hell: Depths:1 Depths:2

Annotations:
Lair:3 exclusion: 2 oklob plants
Lair:5 exclusion: oklob plant
Lair:6 exclusion: obsidian statue
Swamp:4 Roxanne
Depths:2 2 runed translucent doors, Aclocv Kojo's ghost, veteran BaIE


Innate Abilities, Weirdness & Mutations

You have a pair of horns on your head.
You reflexively headbutt those who attack you in melee.


Message History

The blast of cold hits you! You resist.
The frost giant is engulfed in poison gas.
The frost giant looks as sick as possible!
You hear a shout!
You feel yourself speed up.
You feel very sick.
A spark wasp comes into view.
The ice dragon bites you but does no damage.
The ice dragon claws you but does no damage.
The ice dragon tramples you but does no damage.
You feel very sick.
You feel very sick.
You feel sick. The ice dragon breathes frost at you.
The blast of cold misses you.
You hear a shout!
You feel sick.
The golden dragon breathes poison at you.
The blast of poison engulfs you but does no damage.
You are more poisoned.
You feel better.
You are engulfed in poison gas.
You are poisoned.
You feel very sick.
You are engulfed in poison gas.
You are more poisoned.
You feel extremely sick. The golden dragon breathes cold at you.
The bolt of cold hits you. You resist.
* * * LOW HITPOINT WARNING * * *
You feel very sick.
You feel very sick.
You feel very sick.
The spark wasp is engulfed in poison gas.
The spark wasp is poisoned.
The golden dragon breathes fire at you. The bolt of fire hits you!!!
* * * LOW HITPOINT WARNING * * *
You feel very sick. The ice dragon breathes frost at you.
The blast of cold hits you!! You resist.
You die...

........†.............#
.>....#........#......#
.............(.#...#..#
......#........)..###.###
............##....##....#
#.#.#.###....#.........##
.......#........##....###
...............###......#
............#...@.....###
#...........##........##
....................D°°##
...........##+##....Dy..##
...........# #.....D°°.##
...........# #.^<.......##
........#### ####........#
........# #........######
.#......# #.......#..##.#


You could see a golden dragon, 2 ice dragons and a spark wasp (poisoned).

Vanquished Creatures
  Sojobo (Vaults:2)
  Saint Roka (Depths:1)
  Frederick (Vaults:2)
  Arachne (Spider:2)
  A lich (Depths:2)
  Asterion (Vaults:2)
  4 sphinxes
  4 tentacled starspawn (Abyss:3)
  Gastronok (Lair:1)
  A thorn hunter (Swamp:4)
  3 tengu reavers
  2 fenstrider witches
  2 fire giants
  13 vault wardens
  6 ghost moths
  4 frost giants
  2 emperor scorpions (Spider:4)
  An angel (Abyss:3)
  2 orc warlords
  3 war gargoyles (Vaults:1)
  12 very ugly things
  3 stone giants
  13 ironbound preservers
  7 dire elephants
  6 entropy weavers
  6 bunyips
  5 spark wasps
  A merfolk javelineer (Depths:1)
  A crystal guardian (Vaults:2)
  3 ettins
  A deep elf death mage (Vaults:4)
  4 fire dragons
  A quicksilver dragon zombie (Depths:1)
  2 eleionomae
  A shambling mangrove (Swamp:4)
  3 ironbound thunderhulks
  6 great orbs of eyes
  6 yaktaur captains
  2 peacekeepers
  6 boulder beetles
  2 ghost crabs
  28 hydras
  7 ironbound frosthearts
  4 ice dragons
  10 vault guards
  9 alligators
  A catoblepas (Lair:2)
  3 dancing weapons
  4 deep troll shamans (Depths:1)
  9 death yaks (Lair:6)
  6 two-headed ogres
  3 deep troll earth magi
  17 centaur warriors
  4 tengu warriors
  An orc high priest (Orc:2)
  5 ironbound beastmasters
  2 spriggan berserkers (Depths:2)
  Urug (Orc:1)
  A hell knight (Abyss:3)
  A deep elf knight (D:12)
  8 spriggans
  Nergalle (Lair:4)
  9 skeletal warriors
  A spectral death yak (Lair:6)
  4 iron trolls
  3 bog bodies
  A bunyip zombie (Swamp:3)
  A spectral anaconda (Lair:6)
  3 glowing orange brains
  3 goliath frogs
  27 deep trolls
  3 spriggan druids
  A shadow dragon zombie (Depths:1)
  5 wizards
  10 swamp dragons
  A deep elf zephyrmancer (D:12)
  10 lindwurms
  17 ironbound convokers
  8 necromancers
  A phantasmal warrior (Vaults:3)
  Pikel (D:9)
  3 deep elf pyromancers
  6 orc knights
  A wolf spider (shapeshifter) (Depths:1)
  47 ugly things
  4 orc sorcerers (Orc:2)
  23 wolf spiders
  2 stone giant zombies (Depths:1)
  A moth of wrath (Spider:3)
  2 human zombies (Vaults:2)
  14 orb spiders
  5 cyclopes
  2 manticores
  2 will-o-the-wisps (Swamp:1)
  19 elephants
  5 black mambas
  A black mamba (shapeshifter) (D:15)
  5 cane toads
  A gargoyle (D:12)
  A torpor snail (Spider:1)
  A smoke demon (Abyss:3)
  17 vault sentinels
  4 centaur skeletons (D:13)
  A hellion (Abyss:3)
  11 komodo dragons
  2 yaktaur zombies (Vaults:2)
  A rime drake (shapeshifter) (D:14)
  3 kobold demonologists
  26 yaktaurs
  18 rime drakes
  An ancient zyme (Abyss:3)
  5 demonic crawlers
  2 tengu conjurers
  2 hydra zombies (Swamp:3)
  8 trolls
  6 meliai
  30 jumping spiders
  Prince Ribbit (D:6)
  3 polar bears
  10 tyrant leeches
  3 raiju (Abyss:3)
  22 blink frogs
  15 slime creatures
  16 hornets
  2 alligator zombies (Swamp:3)
  18 dream sheep
  A human simulacrum (Vaults:3)
  A spriggan skeleton (Depths:1)
  A shadow (D:10)
  29 tarantellas
  A dire elephant simulacrum (Lair:6)
  4 water elementals
  28 yaks
  2 wraiths
  7 wyverns
  3 steam dragons
  71 redbacks
  A basilisk (shapeshifter) (D:14)
  A fire elemental (D:15)
  Grum (Lair:1)
  5 basilisks
  21 vampire mosquitoes
  2 neqoxecs (Abyss:3)
  2 wargs
  13 swamp worms
  A hydra simulacrum (Swamp:3)
  A large abomination (Vaults:3)
  13 water moccasins
  3 acid dragons
  3 hell hounds (D:15)
  10 swamp drakes
  27 orc warriors
  An alligator simulacrum (Swamp:3)
  A swamp dragon zombie (Swamp:3)
  An ice beast (Abyss:3)
  A sky beast (D:6)
  8 ogres
  A black bear (D:8)
  8 wolves
  5 boggarts (Vaults:1)
  8 centaurs
  3 lemures (D:9)
  2 elephant skeletons (Lair:6)
  13 kobold brigands
  10 bullfrogs
  5 scorpions
  A wyvern zombie (D:7)
  2 cane toad simulacra (Lair:6)
  A small abomination (Abyss:3)
  10 killer bees
  7 wights
  6 howler monkeys
  A vampire bat (Orc:1)
  5 electric eels
  8 starcursed masses (Abyss:3)
  5 centaur zombies
  3 jellies
  4 hounds
  20 orc priests
  A bullfrog skeleton (D:6)
  2 iguanas (D:5)
  42 orc wizards
  8 hell rats
  2 killer bee zombies
  2 howler monkey zombies
  4 adders
  A white imp (D:7)
  2 ufetubi
  An adder skeleton (D:4)
  2 worms
  3 dart slugs
  86 orcs
  6 ball pythons
  6 endoplasms
  2 giant cockroaches
  7 goblins
  9 hobgoblins
  34 kobolds
  7 quokkas
  11 bats
  4 frilled lizards
  7 rats
  A butterfly (Lair:5)
1393 creatures vanquished.

Vanquished Creatures (collateral kills)
  The ghost of royokou the Executioner, a veteran MiFi of Makhleb (Vaults:1)
  Donald (Swamp:2)
  An emperor scorpion (Spider:4)
  A stone giant (D:15)
  Azrael (D:15)
  3 bunyips (Swamp:2)
  A boulder beetle (Lair:4)
  A hydra (Lair:2)
  An ironbound frostheart (Vaults:1)
  A death yak (Lair:6)
  An ironbound beastmaster (Vaults:1)
  A hell knight (D:15)
  A glowing orange brain (Vaults:1)
  A wizard (Vaults:2)
  A lindwurm (Vaults:1)
  A necromancer (D:15)
  An ironbound convoker (Vaults:3)
  2 orb spiders (Spider:2)
  3 ugly things (D:15)
  An orc sorcerer (Orc:2)
  A manticore (D:14)
  3 elephants (Lair:6)
  2 vault sentinels (Vaults:3)
  A cane toad (Lair:6)
  A komodo dragon (Lair:4)
  3 rime drakes (D:14)
  4 tyrant leeches (Swamp:2)
  2 redbacks (Spider:4)
  3 wyverns
  A fire elemental (D:15)
  A basilisk (D:14)
  2 yaks (Lair:4)
  A swamp worm (Swamp:2)
  A water moccasin (Lair:6)
  2 hell hounds (D:15)
  4 orc warriors
  5 orc wizards
  2 hell rats (D:14)
  10 orcs
74 creatures vanquished.

Vanquished Creatures (others)
  3 bloated husks
  An orc priest (Orc:2)
  An orc wizard (D:5)
  A white imp (Abyss:3)
  2 orcs
  14 foxfires (Swamp:1)
  25 fungi
  40 plants
  18 starspawn tentacles (Abyss:3)
  8 toadstools (Lair:5)
  27 withered plants (Lair:6)
140 creatures vanquished.

Grand Total: 1607 creatures vanquished

Notes
Turn   | Place    | Note
-------+----------+-------------------------------------------
     0 | D:1      | YungCoward the Minotaur Berserker began the quest for the
                  | Orb.
     0 | D:1      | Reached XP level 1. HP: 19/19 MP: 0/0
   198 | D:1      | Reached XP level 2. HP: 27/27 MP: 1/1
   878 | D:2      | Reached XP level 3. HP: 31/33 MP: 2/2
   902 | D:2      | Found a basalt altar of Yredelemnul.
  1289 | D:2      | Reached skill level 4 in Fighting
  1321 | D:2      | Reached ** piety under Trog
  1322 | D:2      | Reached skill level 1 in Stealth
  1565 | D:3      | Found a faded altar of an unknown god.
  1918 | D:3      | Reached XP level 4. HP: 40/40 MP: 3/3
  2012 | D:4      | Noticed a hornet
  2018 | D:4      | Killed a hornet
  2019 | D:4      | Reached XP level 5. HP: 31/47 MP: 4/4
  2156 | D:4      | Found Efresiomp's Weapon Boutique.
  2351 | D:4      | Reached XP level 6. HP: 51/53 MP: 5/5
  2676 | D:4      | Reached skill level 5 in Fighting
  2849 | D:4      | Found a snail-covered altar of Cheibriados.
  3014 | D:5      | Entered Level 5 of the Dungeon
  3065 | D:5      | Reached XP level 7. HP: 61/61 MP: 6/6
  3077 | D:5      | Reached *** piety under Trog
  3228 | D:5      | Reached skill level 5 in Armour
  3421 | D:5      | Found a staircase to the Ecumenical Temple.
  3784 | D:4      | Bought a +2 trident of venom for 178 gold pieces
  4284 | D:6      | Reached XP level 8. HP: 62/70 MP: 7/7
  4380 | D:6      | Noticed Prince Ribbit
  4385 | D:6      | Killed Prince Ribbit
  4386 | D:6      | Reached skill level 6 in Fighting
  5112 | D:7      | Reached skill level 5 in Dodging
  5199 | D:6      | Reached skill level 1 in Throwing
  5569 | D:7      | Reached **** piety under Trog
  5884 | D:7      | Reached XP level 9. HP: 78/78 MP: 8/8
  6013 | D:7      | Reached skill level 7 in Fighting
  6329 | D:8      | Reached skill level 10 in Polearms
  6329 | D:8      | Noticed a two-headed ogre
  6344 | D:7      | Killed a two-headed ogre
  6554 | D:8      | Found a sand-covered staircase.
  6905 | D:8      | Reached skill level 8 in Fighting
  6909 | D:8      | Reached XP level 10. HP: 88/88 MP: 9/9
  7657 | D:9      | Noticed a centaur warrior
  7666 | D:9      | Killed a centaur warrior
  7927 | D:9      | Found Raaph's Armour Emporium.
  7945 | D:9      | Noticed a two-headed ogre
  7957 | D:9      | Killed a two-headed ogre
  7969 | D:9      | Noticed a boulder beetle
  7993 | D:9      | Killed a boulder beetle
  7994 | D:9      | Reached skill level 9 in Fighting
  7994 | D:9      | Reached skill level 5 in Throwing
  8149 | D:9      | Paralysed by a hornet for 3 turns
  8412 | D:9      | Found Etruk's Assorted Antiques.
  8423 | D:9      | Bought a glowing scale mail for 210 gold pieces
  8473 | D:9      | Found Mufohee's General Store.
  8473 | D:9      | Noticed Pikel
  8650 | D:9      | Killed Pikel
  8651 | D:9      | Reached XP level 11. HP: 97/97 MP: 10/10
  9061 | D:9      | Found a staircase to the Lair.
  9411 | D:10     | Entered Level 10 of the Dungeon
  9432 | D:10     | Found Zeoschuc's Distillery.
  9434 | D:10     | Noticed a two-headed ogre
 10380 | D:11     | Reached ***** piety under Trog
 10981 | D:11     | Noticed a boulder beetle
 10995 | D:11     | Killed a boulder beetle
 11440 | D:11     | Found a staircase to the Orcish Mines.
 11447 | D:11     | Reached skill level 10 in Fighting
 12294 | Lair:1   | Entered Level 1 of the Lair of Beasts
 12551 | Lair:1   | Noticed Gastronok
 12563 | Lair:1   | Killed Gastronok
 12564 | Lair:1   | Reached skill level 10 in Armour
 12682 | Lair:1   | You fall into a shaft and drop 1 floor!
 12959 | Lair:2   | Noticed a seven-headed hydra
 12972 | Lair:2   | Killed a seven-headed hydra
 12973 | Lair:2   | Reached XP level 12. HP: 107/107 MP: 11/11
 13029 | Lair:2   | Noticed a six-headed hydra
 13034 | Lair:2   | Killed a six-headed hydra
 13091 | Lair:2   | Found a dark tunnel.
 13136 | Lair:2   | You fall into a shaft and drop 2 floors!
 13136 | Lair:4   | Found a frozen archway.
 13330 | Lair:4   | Noticed a boulder beetle
 13336 | Lair:4   | Killed a boulder beetle
 13449 | Lair:4   | Noticed Nergalle
 13463 | Lair:4   | Killed Nergalle
 13504 | Lair:4   | Noticed a five-headed hydra
 13514 | Lair:4   | Killed a five-headed hydra
 13593 | Lair:4   | Noticed a four-headed hydra
 13601 | Lair:4   | Killed a four-headed hydra
 13638 | Lair:4   | Reached skill level 11 in Fighting
 13817 | Lair:4   | Noticed a five-headed hydra
 13822 | Lair:4   | Killed a five-headed hydra
 13823 | Lair:4   | Reached skill level 15 in Polearms
 14294 | Lair:3   | Noticed a seven-headed hydra
 14463 | Lair:3   | Killed a seven-headed hydra
 14464 | Lair:3   | Reached skill level 10 in Dodging
 14622 | Lair:4   | Reached XP level 13. HP: 113/116 MP: 12/12
 14878 | Lair:4   | Received a gift from Trog
 14909 | Lair:3   | Reached skill level 1 in Maces & Flails
 15032 | Lair:3   | Found a hole to the Spider Nest.
 15054 | Lair:3   | Found a staircase to the Swamp.
 16371 | Lair:1   | Noticed Grum
 16389 | Lair:1   | Killed Grum
 16773 | Lair:1   | Reached skill level 12 in Fighting
 16955 | Lair:1   | Reached skill level 5 in Maces & Flails
 17805 | Lair:5   | Received a gift from Trog
 18055 | Lair:5   | Found a runed translucent door.
 19124 | D:9      | Bought a shiny plate armour for 780 gold pieces
 19325 | Lair:6   | Entered Level 6 of the Lair of Beasts
 19425 | Lair:6   | Reached XP level 14. HP: 93/127 MP: 13/13
 20328 | Lair:6   | Found a viscous altar of Jiyva.
 20330 | Lair:6   | Found a staircase to the Slime Pits.
 20772 | Lair:6   | Reached skill level 13 in Fighting
 21227 | Lair:6   | Reached skill level 10 in Throwing
 21595 | Lair:6   | Reached skill level 10 in Maces & Flails
 22304 | D:10     | Bought a potion of curing for 45 gold pieces
 22304 | D:10     | Bought a potion of curing for 45 gold pieces
 22304 | D:10     | Bought a potion of heal wounds for 75 gold pieces
 22578 | D:12     | Reached XP level 15. HP: 136/136 MP: 14/14
 22770 | D:12     | Reached skill level 1 in Evocations
 22999 | D:12     | Found Lohouk's Magic Scroll Boutique.
 23266 | Orc:1    | Entered Level 1 of the Orcish Mines
 23266 | Orc:1    | Found Itilange's Armour Boutique.
 23349 | Orc:1    | Found Xiecich's Armour Shop.
 23418 | Orc:1    | Found Pyejiop's Weapon Emporium.
 23471 | Orc:1    | Received a gift from Trog
 23691 | Orc:1    | Found Lyin's Jewellery Boutique.
 24006 | Orc:2    | Entered Level 2 of the Orcish Mines
 24164 | Orc:2    | Noticed Urug
 24182 | Orc:1    | Killed Urug
 24409 | Orc:2    | Found a staircase to the Elven Halls.
 24582 | Orc:2    | Found Jufuym's Jewellery Boutique.
 24582 | Orc:2    | Found Wumaakel's Assorted Antiques.
 24597 | Orc:2    | Found Padushre's General Store.
 24634 | Orc:2    | Found Zyle's Antique Armour Shop.
 26125 | D:13     | Found a gate to the Vaults.
 26459 | D:13     | Identified a scroll of acquirement
 26461 | D:13     | Acquired 403 gold pieces
 26621 | D:14     | Reached skill level 14 in Fighting
 26934 | D:14     | Received a gift from Trog
 26953 | D:14     | Reached ****** piety under Trog
 27794 | D:15     | Entered Level 15 of the Dungeon
 27825 | D:15     | Found a flickering gateway to a bazaar.
 27855 | D:15     | Noticed Azrael
 27874 | D:15     | Killed Azrael
 27985 | D:15     | Reached XP level 16. HP: 132/146 MP: 15/15
 27997 | D:15     | Received a gift from Trog
 28375 | D:15     | Found a staircase to the Depths.
 28722 | D:15     | Identified the +2 cloak of the Postmodern Mouths {SInv}
 29286 | Orc:1    | Bought the +14 plate armour of the Red Skies {+Blink rC+}
                  | for 1645 gold pieces
 29448 | Bazaar   | Entered a bazaar
 29453 | Bazaar   | Found Radir's Jewellery Shop.
 29484 | Bazaar   | Found Atipt's Antique Armour Shop.
 29492 | Bazaar   | Bought a pair of dazzling gloves for 152 gold pieces
 29492 | Bazaar   | Identified the +2 pair of gloves of Iqosch {*Slow Int+3
                  | Dex+2} (You bought it in a shop in a bazaar)
 29492 | Bazaar   | Bought a pair of ichor-stained gloves for 152 gold pieces
 29492 | Bazaar   | Identified the +1 pair of gloves of Starshine {Will- Dex+6}
                  | (You bought it in a shop in a bazaar)
 30094 | Swamp:1  | Entered Level 1 of the Swamp
 30972 | Swamp:2  | Noticed Donald
 30987 | Swamp:2  | Identified the +14 dire flail "Demonic Newtslayer" {vorpal,
                  | rC+} (Trog gifted it to you on level 2 of the Swamp)
 30987 | Swamp:2  | Received a gift from Trog
 30987 | Swamp:2  | Killed Donald
 30988 | Swamp:2  | Reached skill level 5 in Evocations
 31866 | Swamp:3  | Identified the ring "Xesa" {*Corrode rN+ Will++ SInv}
 32024 | Swamp:3  | Paralysed by a fenstrider witch for 2 turns
 32499 | Swamp:4  | Entered Level 4 of the Swamp
 32591 | Swamp:4  | Reached skill level 15 in Fighting
 32621 | Swamp:4  | Noticed Roxanne
 32700 | Swamp:4  | Reached XP level 17. HP: 108/156 MP: 16/16
 32729 | Swamp:4  | Reached skill level 15 in Armour
 33760 | Swamp:4  | Reached skill level 16 in Fighting
 33953 | Swamp:4  | Reached XP level 18. HP: 167/167 MP: 17/17
 33968 | Swamp:4  | Got a decaying rune of Zot
 34416 | Spider:1 | Entered Level 1 of the Spider Nest
 34645 | Spider:1 | Received a gift from Trog
 35452 | Spider:1 | Reached skill level 17 in Fighting
 35763 | Spider:2 | Noticed Arachne
 35846 | Spider:2 | Killed Arachne
 36651 | Spider:3 | Received a gift from Trog
 37035 | Spider:4 | Entered Level 4 of the Spider Nest
 37143 | Spider:4 | Reached skill level 18 in Fighting
 37325 | Spider:4 | Reached XP level 19. HP: 179/179 MP: 18/18
 37636 | Spider:4 | Received a gift from Trog
 37989 | Spider:4 | Paralysed by a hornet for 3 turns
 38110 | Spider:4 | Got a gossamer rune of Zot
 38456 | Vaults:1 | Entered Level 1 of the Vaults
 38796 | Vaults:1 | Reached skill level 19 in Fighting
 39923 | Vaults:1 | Received a gift from Trog
 39989 | Vaults:1 | Found a runed translucent door.
 39991 | Vaults:1 | Noticed royokou's ghost (veteran MiFi)
 40022 | Vaults:1 | Killed royokou's ghost
 40636 | Vaults:2 | Reached skill level 20 in Fighting
 41004 | Vaults:2 | Noticed Sojobo
 41014 | Vaults:2 | Paralysed by an air elemental for 1 turns
 41021 | Vaults:2 | Paralysed by an air elemental for 1 turns
 41025 | Vaults:2 | Paralysed by an air elemental for 1 turns
 41033 | Vaults:2 | Paralysed by an air elemental for 1 turns
 41037 | Vaults:2 | Paralysed by an air elemental for 1 turns
 41142 | Vaults:2 | Paralysed by an air elemental for 1 turns
 41147 | Vaults:2 | Paralysed by an air elemental for 1 turns
 41156 | Vaults:2 | Paralysed by an air elemental for 1 turns
 41162 | Vaults:2 | Paralysed by an air elemental for 1 turns
 41167 | Vaults:2 | Paralysed by an air elemental for 1 turns
 41169 | Vaults:2 | Killed Sojobo
 41170 | Vaults:2 | Reached XP level 20. HP: 69/193 MP: 19/19
 41321 | Vaults:2 | Noticed Frederick
 41322 | Vaults:2 | Noticed Asterion
 41325 | Vaults:2 | Reached skill level 1 in Long Blades
 41343 | Vaults:2 | Killed Frederick
 41741 | Vaults:2 | Killed Asterion
 41827 | Vaults:2 | Found a staircase to the Crypt.
 42806 | Vaults:2 | Reached skill level 5 in Long Blades
 42912 | Vaults:3 | Cast into level 3 of the Abyss (orc warlord)
 42932 | Abyss:3  | Received a gift from Trog
 43003 | Abyss:3  | Found a broken altar of Ashenzari.
 43221 | Abyss:3  | Noticed a bone dragon
 43231 | Vaults:3 | Escaped the Abyss
 43947 | Vaults:3 | Reached skill level 21 in Fighting
 43977 | Vaults:3 | Received a gift from Trog
 44007 | Vaults:3 | Reached skill level 10 in Long Blades
 44804 | Vaults:4 | Reached XP level 21. HP: 204/204 MP: 20/20
 44894 | Vaults:4 | Received a gift from Trog
 46174 | Depths:1 | Entered Level 1 of the Depths
 46751 | Depths:1 | Found a gateway to Hell.
 47445 | Depths:1 | Noticed Saint Roka
 47494 | Depths:1 | Killed Saint Roka
 47659 | Depths:1 | Received a gift from Trog
 48033 | Depths:1 | Found a radiant altar of Vehumet.
 48166 | Depths:1 | Found an ancient bone altar of Kikubaaqudgha.
 48257 | Depths:2 | Noticed Aclocv Kojo's ghost (veteran BaIE)
 48257 | Depths:2 | Found a large runed translucent door.
 48257 | Depths:2 | Found a large runed translucent door.
 48476 | Depths:1 | Reached skill level 22 in Fighting
 48766 | Depths:2 | Reached skill level 15 in Long Blades
 48844 | Depths:2 | Noticed a golden dragon
 48867 | Depths:2 | Reached XP level 22. HP: 215/215 MP: 8/21
 48953 | Depths:2 | HP: 10/215 [poisoned by a golden dragon (poison gas)]
 48953 | Depths:2 | Killed from afar by an ice dragon

Illustrated notes

Levels and vault maps discovered:
D:1:      nzn_arrival_crosshair, layout_loops_ring
D:2:      minmay_wonky_spiral, layout_loops_ring, basic_altar,
          minmay_pentomino_p4
D:3:      layout_rooms, hellmonk_ecumenical_altar_heavens_door,
          chequers_decorated_corner
D:4:      layout_gridville, cheibriados_altar_1, serial_shops,
          nicolae_take_the_stairs, minivault_24
D:5:      layout_loops_ring, minmay_temple_entry_overgrown, lemuel_old_faithful
D:6:      layout_basic, corexii_item_surrounded_by_moat, uniq_prince_ribbit1
D:7:      layout_cave_pools, hex_large
D:8:      layout_basic, nicolae_ossuary_entry_monument, kennysheep_dice
D:9:      layout_grid_maze, david_lair_shrubbed, serial_shops,
          nicolae_shop_competitors_out_of_business, nicolae_shop_waterfront,
          nicolae_shop_window_shopping, uniq_pikel
D:10:     layout_roguey, serial_shops, nicolae_shop_crystal
D:11:     layout_gridville, erik_orc_2
D:12:     layout_rooms, serial_shops, nicolae_shop_waterfront
D:13:     layout_basic, hangedman_vaults_entry_quadrant_bands, enter_bailey_3
D:14:     layout_gridville, special_room [special_room_mythical_zoo],
          chequers_serial_rivers_room_b
D:15:     hangedman_depths_entry_civil_slaughter, layout_loops_corners,
          minmay_misc_feat_rugged, serial_shops, bzr_entry_dummy, uniq_azrael
Lair:1:   layout_chaotic_city, minmay_shattered_shrine, uniq_grum,
          uniq_gastronok
Lair:2:   layout_roguey, enter_volcano_4, lemuel_fruit_tree
Lair:3:   dpeg_oklob_gauntlet, layout_small_grid, swamp_mist_pool,
          spider_nest_entry_webs, bobbens_dragon_lair_wall
Lair:4:   layout_gridlike, portal_ice_cave_entry_pillars_1, minivault_26,
          uniq_nergalle
Lair:5:   gammafunk_lair_enchanted_lake, layout_regular_city,
          lemuel_fruit_fields, grunt_megastairs_2
Lair:6:   due_jungle_book, layout_concentric_octagons, slime_altar_1, pond
Swamp:1:  layout_basic_swamp, serial_swamp_ruin, evilmike_swamp_ruin_house_2,
          evilmike_swamp_ruin_house_1
Swamp:2:  layout_falls_marsh, evilmike_swamp_ruin_rubble_2, swamp_pool3,
          uniq_donald
Swamp:3:  nicolae_swamp_decorative_isthmus, layout_falls_marsh,
          nicolae_swamp_tree_designs, swamp_pool4,
          nicolae_swamp_necromancer_hut, infiniplex_staircase_pool
Swamp:4:  swamp, layout_basic_swamp, uniq_roxanne
Spider:1: layout_spider_delve
Spider:2: layout_spider_delve, drop_trap, nicolae_spider_spiderdrome,
          uniq_arachne
Spider:3: layout_spider_delve
Spider:4: spider_rune_water
Orc:1:    layout_caves, serial_shops, shop, shop, nicolae_diamond_shop, shop,
          roderic_batcave, nicolae_orc_damp_corner
Orc:2:    st_orc_mages, layout_diamond_mine, uniq_urug
Vaults:1: ebering_vaults_ghost_reflecting_pool, hangedman_vaults_river_flow,
          nicolae_vaults_little_squares_3, hangedman_vaults_impose,
          dpeg_vaults_monster_row, nicolae_vaults_little_ls,
          vaults_room_grunt_arrival_ludios, hangedman_vaults_nodes,
          dpeg_vaults_monster_box, v_misc_8, vaults_dpeg_hooks,
          layout_vaults_big_room
Vaults:2: vaults_standard_mumra_x, v_misc_14, nicolae_vaults_twisting_passages,
          ontoclasm_vaults_loading_screen, vaults_mumra_chevron, v_misc_30,
          layout_vaults_quadrants, dummy_crypt_entry, uniq_asterion,
          uniq_frederick, uniq_sojobo
Vaults:3: vaults_room_semicircle, hangedman_vaults_stream, v_misc_17,
          nicolae_vaults_big_ls, nicolae_vaults_meeting, serial_ice_b,
          v_misc_23, ontoclasm_vaults_ring_large, vaults_mumra_hex,
          nicolae_vaults_back_hallway, layout_vaults_ring
Vaults:4: v_rooms_4, v_alt_pattern_4, hangedman_vaults_unwind,
          nicolae_vaults_windows_and_doors_thing, st_diamondy,
          hangedman_vaults_locks, ontoclasm_vaults_chip, v_rooms_3,
          nicolae_vaults_shelves_hall, layout_vaults_maze
Depths:1: layout_cave_pools, kiku_gazebo_garden_becter, hell_entry,
          hangedman_decor_peaks_small, small_chamber_with_monster, st_stairs_3,
          nicolae_vehumet_radiance, uniq_saint_roka
Depths:2: hangedman_arch_fort, layout_cave_shapes, ebering_ghost_disaster_area,
          trog_three_pillars_becter, hell_entry, st_stairs_4,
          minmay_staircase_statues_hall_small

Skill      XL: |  1  2  3  4  5  6  7  8  9 10 11 12 13 14 15 16 17 18 19 20 21 |
---------------+----------------------------------------------------------------+-----
Polearms       | 4 6 7 8 9 11 12 14 15 | 15.5
Armour         | 3 4 5 6 7 8 10 11 12 13 14 15 16 17 19 20 | 20.1
Fighting       | 4 5 6 8 9 10 11 12 13 14 15 16 18 20 21 22 | 22.2
Stealth        | 1 |  1.2
Dodging        | 3 4 5 6 7 9 10 11 12 13 | 13.6
Throwing       | 2 3 5 6 8 9 10 11 12 13 14 | 14.6
Maces & Flails | 7 10 12 14 | 14.3
Evocations     | 4 5 6 |  6.0
Long Blades    | 10 15 | 15.3

Action                   |  1- 3 |  4- 6 |  7- 9 | 10-12 | 13-15 | 16-18 | 19-21 | 22-24 || total
-------------------------+-------+-------+-------+-------+-------+-------+-------+-------++-------
Melee: Spear             |   109 |    83 |    74 |       |       |       |       |       ||   266
       Headbutt          |    14 |    18 |    40 |    76 |   356 |   249 |   575 |    17 ||  1345
       Trident           |       |       |   164 |   529 |  1385 |   534 |   564 |       ||  3176
       Falchion          |       |       |     8 |       |       |       |       |       ||     8
       Dire flail        |       |       |       |       |       |   401 |    13 |       ||   414
       Demon trident     |       |       |       |       |       |       |   443 |    40 ||   483
       Demon blade       |       |       |       |       |       |       |   428 |       ||   428
       Triple sword      |       |       |       |       |       |       |    48 |       ||    48
Throw: Stone             |       |       |     6 |       |       |       |       |       ||     6
       Dart              |       |       |       |    25 |   152 |   192 |       |       ||   369
       Javelin           |       |       |       |       |       |    18 |    55 |       ||    73
Invok: Berserk           |       |       |     9 |    29 |    39 |    23 |    34 |       ||   134
       Trog's Hand       |       |       |     1 |     4 |     1 |     4 |     5 |       ||    15
       Brothers in Arms  |       |       |       |     6 |    10 |     7 |    11 |       ||    34
 Abil: Evoke Blink       |       |       |       |       |       |     4 |       |       ||     4
Evoke: Wand              |       |       |     3 |     7 |       |       |    49 |       ||    59
       Phial of floods   |       |       |       |       |     1 |     1 |       |       ||     2
  Use: Scroll            |       |    10 |     5 |     8 |    10 |     8 |     3 |       ||    44
       Potion            |       |     3 |       |     4 |     2 |     5 |    11 |     2 ||    27
 Stab: Sleeping          |     2 |       |       |       |       |       |       |       ||     2
       Paralysed         |       |       |       |     7 |       |       |       |       ||     7
       Distracted        |       |       |       |       |     1 |     1 |     1 |       ||     3
       Held in net/web   |       |       |       |       |       |       |     1 |       ||     1
Armor: Leather armour    |     2 |       |       |       |       |       |       |       ||     2
       Ring mail         |    11 |    16 |    69 |    15 |       |       |       |       ||   111
       Scale mail        |       |       |       |   124 |   331 |    34 |       |       ||   489
       Plate armour      |       |       |       |       |       |   701 |  1056 |    29 ||  1786
Dodge: Dodged            |    26 |    34 |   116 |   284 |   660 |   725 |   990 |    24 ||  2859
       Rpst.: Falchion   |       |       |     2 |       |       |       |       |       ||     2
       Demon blade       |       |       |       |       |       |       |    54 |       ||    54
       Triple sword      |       |       |       |       |       |       |    13 |       ||    13
